 Dungeon Crawl Stone Soup version 0.28.0-45-g0d030f2227 (webtiles) character file.

Game seed: 5680588071345418917

108 garethmagis the Shooter (level 4, -5/40 HPs)
             Began as a Minotaur Hunter on Apr 19, 2022.
             Killed by divine providence
             ... invoked by an orc priest
              (11 damage)
             ... on level 2 of the Dungeon.
             The game lasted 00:02:00 (926 turns).

garethmagis the Shooter (Minotaur Hunter)            Turns: 926, Time: 00:02:01

Health: -5/40      AC:  4    Str: 16    XL:     4   Next: 58%
Magic:  3/3        EV: 12    Int:  8    God:
Gold:   33         SH:  0    Dex: 13    Spells: 3/3 levels left

rFire   . . .      SeeInvis .   a - +1 shortbow
rCold   . . .      Faith    .   (shield currently unavailable)
rNeg    . . .      Spirit   .   c - +0 leather armour
rPois   .          Reflect  .   (helmet restricted)
rElec   .          Harm     .   (no cloak)
rCorr   .          Rampage  .   (no gloves)
Will    .....                   f - +0 pair of boots
Stlth   ++........              (no amulet)
HPRegen 0.13/turn               (no ring)
MPRegen 0.08/turn               (no ring)

@: no status effects
A: horns 2, retaliatory headbutt
a: no special abilities


You were on level 2 of the Dungeon.
You visited 1 branch of the dungeon, and saw 2 of its levels.

You collected 33 gold pieces.

Inventory:

Hand Weapons
 a - a +1 shortbow (weapon)
 b - a +0 short sword
Armour
 c - a +0 leather armour (worn)
 f - a +0 pair of boots (worn)
Scrolls
 e - a scroll of magic mapping {unknown}
 g - a scroll of identify {unknown}
 j - a scroll of immolation {unknown}
Potions
 h - a potion of cancellation {unknown}
 i - 2 potions of invisibility {unknown}
 k - a potion of degeneration {unknown}


   Skills:
 + Level 3.6 Fighting
 + Level 5.0 Bows
 + Level 3.2 Dodging
 + Level 2.0 Stealth


You had 3 spell levels left.
You didn't know any spells.
Your spell library was empty.

Dungeon Overview and Level Annotations

Branches:
Dungeon (2/15)

Altars:


Innate Abilities, Weirdness & Mutations

You have a pair of horns on your head.
You reflexively headbutt those who attack you in melee.


Message History

The orc priest begins to cast a cantrip, but forgets the words!
A dart slug comes into view.
There are monsters nearby!
You shoot an arrow. The arrow barely misses the orc priest.
The orc priest calls down the wrath of Beogh upon you.
Beogh smites you!
There are monsters nearby!
You shoot an arrow.
The arrow closely misses the orc priest.
The orc priest calls down the wrath of Beogh upon you.
Pain shoots through your body!
The kobold throws a stone.
The stone barely misses you.
There are monsters nearby!
You are too injured to fight recklessly!
There are monsters nearby!
You are too injured to fight recklessly!
There are monsters nearby!
You are too injured to fight recklessly!
There are monsters nearby!
You are too injured to fight recklessly!
Fire: 2 arrows
Press: ? - help, Q - select action Shift-Dir - straight line, p - orc priest You shoot an arrow.
The arrow hits the orc priest but does no damage.
The orc priest is lightly wounded.
The orc priest hits you with a +0 short sword.
The kobold throws a stone.
The stone closely misses you.
Fire: arrow
Press: ? - help, Q - select action Shift-Dir - straight line, f - orc priest
Aim: an orc priest, wielding a +0 short sword (lightly wounded, 62% to hit)
You shoot an arrow. The arrow hits the kobold.
You kill the kobold!
The orc priest miscasts a cantrip.
The orc priest casts a cantrip, but nothing happens.
The orc priest calls down the wrath of Beogh upon you.
Beogh smites you!
* * * LOW HITPOINT WARNING * * *
The orc priest invokes the aid of Beogh against you.
Beogh smites you!
You die...

..............#
..................
..............#...
#####...#####.##.# #
#...#### .... #
#......# #># #
#...##.# #(#
#...##.# #.#
#....#.# #@#
##.#.#.## #.#
#.......####.#####..
#.##...............#
#. #.##.##..######..
......##..#
#..#.##.##.o###
....# #.##....# ##.
.......##.#


You could see an orc priest.

Vanquished Creatures
  An orc priest (D:2)
  Terence (D:2)
  2 adders (D:2)
  2 worms (D:2)
  A dart slug (D:1)
  An orc (D:2)
  An endoplasm (D:1)
  2 giant cockroaches (D:1)
  6 goblins
  3 quokkas
  2 ball pythons
  A bat (D:1)
  A frilled lizard (D:1)
  A kobold (D:2)
  4 rats
29 creatures vanquished.

Notes
Turn   | Place    | Note
-------+----------+-------------------------------------------
     0 | D:1      | garethmagis the Minotaur Hunter began the quest for the
                  | Orb.
     0 | D:1      | Reached XP level 1. HP: 18/18 MP: 0/0
    60 | D:1      | Reached skill level 1 in Stealth
    68 | D:1      | Reached XP level 2. HP: 25/25 MP: 1/1
   281 | D:1      | Found a faded altar of an unknown god.
   502 | D:2      | Reached XP level 3. HP: 31/31 MP: 2/2
   511 | D:2      | Noticed Terence
   519 | D:2      | Killed Terence
   688 | D:2      | Reached XP level 4. HP: 38/38 MP: 3/3
   895 | D:2      | Reached skill level 5 in Bows
   926 | D:2      | Killed from afar by an orc priest

Illustrated notes

Levels and vault maps discovered:
D:1:      lightli_arrival_maybe_door_vault, layout_basic,
          ebering_ecumenical_altar_sacrificial
D:2:      layout_loops_cross, uniq_terence

Skill      XL: |  1  2  3  4 |
---------------+-------------+-----
Stealth        | 1 2 |  2.0
Fighting       | 3 |  3.6
Dodging        | 3 |  3.2
Bows           | 5 |  5.0

Action                   |  1- 3 |  4- 6 || total
-------------------------+-------+-------++-------
 Fire: Shortbow          |    69 |    21 ||    90
Armor: Leather armour    |     3 |       ||     3
Dodge: Dodged            |     5 |     3 ||     8
